 Dungeon Sprint DCSS version 0.30.0-29-ga12c61a403 (webtiles) character file.

Game seed: 18382291951860955854

11400000 Revguard the Blood Saint (level 27, -50/249 HPs)
             Began as a Demonspawn Gladiator on June 7, 2023.
             Was the Champion of Makhleb.
             Annihilated by a sculptor of flesh
             ... wielding a +9 great sword
              (90 damage)
             ... in the Dungeon (Sprint VIII: "Arena of Blood").
             The game lasted 00:09:34 (114 turns).

Revguard the Blood Saint (Demonspawn Gladiator)      Turns: 114, Time: 00:09:35

Health: -50/249    AC: 11    Str: 18    XL:     27
Magic:  54/54      EV: 42    Int: 10    God:    Makhleb [******]
Gold:   0          SH:  0    Dex: 25    Spells: 80/80 levels left

rFire   . . .        l - +∞ Axe of Woe
rCold   . . .        (shield currently unavailable)
rNeg    . . .        b - +0 leather armour
rPois   .            c - +0 helmet
rElec   .            (no cloak)
rCorr   .            (no gloves)
SInv    .            (boots unavailable)
Will    ++...        (no amulet)
Stlth   ++++++++++   (no ring)
HPRegen 0.61/turn    (no ring)
MPRegen 0.34/turn

%: no teleportation
@: mighty, agile, slowed, very slow
A: hooves 3, powered by pain 3, augmentation 3, sharp scales 3, demonic magic 3
a: Renounce Religion, Minor Destruction, Lesser Servant of Makhleb, Major
Destruction, Greater Servant of Makhleb


You were in the Dungeon.
You worshipped Makhleb.
Makhleb was exalted by your worship.
You visited 1 branch

Inventory:

Hand Weapons
 a - a +0 war axe
 l - the +∞ Axe of Woe (weapon)
   (You found it in the Dungeon)
Missiles
 d - 3 throwing nets (quivered)
 e - a javelin
Armour
 b - a +0 leather armour (worn)
 c - a +0 helmet (worn)
Jewellery
 m - a +30 ring of slaying
 n - a +30 ring of slaying
 o - a +30 ring of slaying
 p - a +100 ring of slaying
Scrolls
 k - a scroll of blinking
Potions
 f - a potion of curing
 g - a potion of heal wounds
 h - a potion of haste
 i - 2 potions of magic
 j - a potion of berserk rage


   Skills:
 O Level 27 Fighting
 + Level 26.3(27) Short Blades
 + Level 26.2(27) Long Blades
 O Level 27 Axes
 + Level 26.3(27) Maces & Flails
 + Level 26.3(27) Polearms
 + Level 26.3(27) Staves
 + Level 26.2 Ranged Weapons
 + Level 26.2 Throwing
 O Level 27 Armour
 O Level 27 Dodging
 O Level 27 Stealth
 + Level 26.3 Shields
 + Level 26.2 Unarmed Combat
 O Level 27 Spellcasting
 O Level 27 Conjurations
 O Level 27 Hexes
 O Level 27 Summonings
 O Level 27 Necromancy
 + Level 26.4 Translocations
 + Level 26.2 Transmutations
 + Level 26.1 Fire Magic
 + Level 26.3 Ice Magic
 + Level 26.3 Air Magic
 + Level 26.3 Earth Magic
 O Level 27 Poison Magic
 O Level 27 Invocations
 O Level 27 Evocations


You had 80 spell levels left.
You didn't know any spells.
Your spell library was empty.

Dungeon Overview and Level Annotations

Branches:
Dungeon (1/1)

Altars:
Makhleb


Innate Abilities, Weirdness & Mutations

You have hooves in place of feet.
You are powered by pain.
Your magical and physical power is greatly enhanced at high health.
You are completely covered in razor-sharp scales. (AC +3, Slay +3)
Spells you cast and wands you use may paralyse nearby enemies.


Message History

Your Ranged Weapons skill increases to level 26!
Your Throwing skill increases to level 26!
Your Shields skill increases to level 26!
Your Unarmed Combat skill increases to level 26!
Your Translocations skill increases to level 26!
Your Transmutations skill increases to level 26!
Your Fire Magic skill increases to level 26!
Your Ice Magic skill increases to level 26!
Your Air Magic skill increases to level 26!
Your Earth Magic skill increases to level 26!
Aiming: Major Destruction (0% risk of failure)
Press: ? - help, Shift-Dir - straight line, f - bag of meat
Aim: a bag of meat, wielding a +9 war axe and wearing a +30 ring of slaying (almost dead)
The bolt of lightning hits the eight-headed meat hydra!!!
You kill the eight-headed meat hydra!
Makhleb accepts your kill.
You feel better.
The bolt of lightning hits the bag of meat!!!
You kill the bag of meat!
Makhleb accepts your kill.
You feel better.
The bolt of lightning hits the large abomination!
The large abomination is moderately damaged.
The bolt of lightning misses the tyrant.
The bolt of lightning hits something.
You hear a shout!
Your balrug gestures at the dread.
The fireball explodes!
The fireball engulfs the sculptor of flesh!!
The fireball engulfs the dread!!!
You hear a shout! x3
The accursed points at you and mumbles some strange words.
Something smites you!
* * * LOW HITPOINT WARNING * * *
A destroyer comes into view. It is wielding a +9 heavy great sword.
You hear a shout! x3
The meat berserker rages.
You hear a shout!
The sculptor of flesh hits you with a +9 great sword!!!!
You die... ...o ..
LM.

.. #.. .# #{.
..# ..###XS
..###.
..o..X)###....o.
.....X)L_z○{....
.....#XW§§o#....
.M. #_X@2§# . .
#.§Xz.#
LOO.._W....
oO....###......
o###X. ..###.
#.. ..# #.. ..#
.V ..


You could see an accursed, 2 tentacled monstrosities, 3 tyrants, a destroyer, a
scourge, 2 sculptors of flesh, 5 large abominations, 2 dreads, 3 meat
berserkers, 5 bags of meat and a friendly balrug (summoned).

Vanquished Creatures
  Sigmund (D)
  6 hell beasts (D)
  Edmund (D)
  6 royal mummies (D)
  3 great orbs of eyes (D)
  2 wraiths (D)
  12 vampire knights (D)
  31 ogres (D)
  6 two-headed ogres (D)
  2 liches (D)
  3 hydras (D)
  3 phantoms (D)
  44 orcs (D)
  3 skeletal warriors (D)
123 creatures vanquished.

Vanquished Creatures (others)
  A two-headed ogre (D)
  2 orcs (D)
3 creatures vanquished.

Grand Total: 126 creatures vanquished

Notes
Turn   | Place    | Note
-------+----------+-------------------------------------------
     0 | D        | Found the +∞ Axe of Woe
     0 | D        | Revguard the Demonspawn Gladiator began the quest for the
                  | Orb.
     0 | D        | Reached XP level 1. HP: 16/16 MP: 1/1
     3 | D        | Became a worshipper of Makhleb the Destroyer
     6 | D        | Noticed a bag of meat
     7 | D        | Noticed a bag of meat
     7 | D        | Noticed a bag of meat
     8 | D        | Noticed a meat berserker
    10 | D        | Killed a bag of meat
    10 | D        | Noticed a bag of meat
    11 | D        | Reached skill level 10 in Fighting
    11 | D        | Reached skill level 10 in Evocations
    11 | D        | Gained mutation: You have large cloven feet. [demonic
                  | ancestry]
    11 | D        | Reached XP level 2. HP: 36/36 MP: 1/12
    11 | D        | Gained mutation: You have hoof-like feet. [demonic
                  | ancestry]
    11 | D        | Reached XP level 3. HP: 42/42 MP: 1/13
    11 | D        | Reached XP level 4. HP: 48/48 MP: 1/15
    11 | D        | Gained mutation: You are partially covered in razor-sharp
                  | scales. (AC +1, Slay +1) [demonic ancestry]
    11 | D        | Reached XP level 5. HP: 54/54 MP: 1/16
    11 | D        | Gained mutation: You sometimes gain a little power by
                  | taking damage. [demonic ancestry]
    11 | D        | Reached XP level 6. HP: 61/61 MP: 1/18
    11 | D        | Reached XP level 7. HP: 67/67 MP: 1/19
    11 | D        | Gained mutation: Spells you cast may paralyse adjacent
                  | enemies. [demonic ancestry]
    11 | D        | Reached XP level 8. HP: 73/73 MP: 1/21
    11 | D        | Reached XP level 9. HP: 79/79 MP: 1/22
    11 | D        | Reached XP level 10. HP: 86/86 MP: 1/23
    11 | D        | Noticed a bag of meat
    11 | D        | Noticed a bag of meat
    11 | D        | Noticed a bag of meat
    12 | D        | Killed a meat berserker
    12 | D        | Reached * piety under Makhleb
    12 | D        | Noticed a meat berserker
    12 | D        | Noticed a meat berserker
    12 | D        | Noticed a bag of meat
    13 | D        | Gained mutation: You are mostly covered in razor-sharp
                  | scales. (AC +2, Slay +2) [demonic ancestry]
    13 | D        | Reached XP level 11. HP: 59/98 MP: 10/26
    13 | D        | Reached XP level 12. HP: 63/105 MP: 10/27
    13 | D        | Killed a bag of meat
    13 | D        | Killed a bag of meat
    14 | D        | Reached XP level 13. HP: 88/114 MP: 10/30
    14 | D        | Killed a meat berserker
    14 | D        | Reached ** piety under Makhleb
    15 | D        | Reached skill level 15 in Fighting
    15 | D        | Reached skill level 15 in Evocations
    15 | D        | Gained mutation: You are completely covered in razor-sharp
                  | scales. (AC +3, Slay +3) [demonic ancestry]
    15 | D        | Reached XP level 14. HP: 124/124 MP: 10/32
    15 | D        | Noticed a bag of meat
    16 | D        | Killed a bag of meat
    16 | D        | Killed a bag of meat
    16 | D        | Killed a meat berserker
    16 | D        | Reached *** piety under Makhleb
    16 | D        | Noticed a bag of meat
    17 | D        | Reached skill level 15 in Armour
    17 | D        | Reached skill level 15 in Spellcasting
    17 | D        | Gained mutation: You have hooves in place of feet. [demonic
                  | ancestry]
    17 | D        | Reached XP level 15. HP: 134/134 MP: 11/34
    17 | D        | Reached **** piety under Makhleb
    19 | D        | Gained mutation: Spells you cast may paralyse nearby
                  | enemies. [demonic ancestry]
    19 | D        | Reached XP level 16. HP: 147/147 MP: 11/37
    19 | D        | Noticed a destroyer
    19 | D        | Noticed a meat berserker
    20 | D        | Killed a destroyer
    20 | D        | Noticed a meat berserker
    20 | D        | Noticed a large bag of meat
    21 | D        | Noticed a large bag of meat
    23 | D        | Noticed a large bag of meat
    24 | D        | Killed a large bag of meat
    24 | D        | Reached ***** piety under Makhleb
    24 | D        | Killed a meat berserker
    24 | D        | Killed a meat berserker
    25 | D        | Reached skill level 27 in Invocations
    25 | D        | Reached XP level 17. HP: 113/161 MP: 20/41
    25 | D        | Noticed a meat berserker
    26 | D        | Killed a large bag of meat
    27 | D        | Killed a large bag of meat
    27 | D        | Noticed a meat berserker
    28 | D        | Noticed a large bag of meat
    28 | D        | Noticed a large bag of meat
    29 | D        | Killed a meat berserker
    30 | D        | Gained mutation: You sometimes gain power by taking damage.
                  | [demonic ancestry]
    30 | D        | Reached XP level 18. HP: 99/173 MP: 21/44
    30 | D        | Noticed a meat berserker
    31 | D        | Killed a meat berserker
    31 | D        | Noticed a destroyer
    31 | D        | Noticed a meat berserker
    32 | D        | Noticed a meat berserker
    32 | D        | Noticed an eight-headed meat hydra
    35 | D        | Killed a destroyer
    35 | D        | Reached ****** piety under Makhleb
    35 | D        | Noticed a destroyer
    35 | D        | Noticed a meat berserker
    36 | D        | Killed a meat berserker
    37 | D        | Reached skill level 27 in Fighting
    37 | D        | Reached skill level 27 in Evocations
    37 | D        | Gained mutation: Your magical and physical power is
                  | slightly enhanced at high health. [demonic ancestry]
    37 | D        | Reached XP level 19. HP: 189/189 MP: 23/48
    37 | D        | Noticed a meat berserker
    39 | D        | Noticed a destroyer
    39 | D        | Killed a large bag of meat
    39 | D        | Noticed a meat berserker
    40 | D        | Killed a meat berserker
    40 | D        | Killed a meat berserker
    40 | D        | Noticed a destroyer
    41 | D        | Reached skill level 27 in Axes
    41 | D        | Reached skill level 27 in Armour
    41 | D        | Reached skill level 27 in Dodging
    41 | D        | Reached skill level 27 in Spellcasting
    42 | D        | Killed a meat berserker
    42 | D        | Killed a destroyer
    42 | D        | Noticed a tyrant
    43 | D        | Gained mutation: Your magical and physical power is
                  | enhanced at high health. [demonic ancestry]
    43 | D        | Reached XP level 20. HP: 68/197 MP: 51/51
    43 | D        | Noticed a meat berserker
    44 | D        | Killed a nine-headed meat hydra
    45 | D        | Reached skill level 5 in Stealth
    45 | D        | Reached skill level 5 in Conjurations
    45 | D        | Reached skill level 5 in Hexes
    45 | D        | Reached skill level 5 in Summonings
    45 | D        | Reached skill level 5 in Necromancy
    45 | D        | Reached skill level 5 in Poison Magic
    45 | D        | Noticed an accursed
    45 | D        | Killed an accursed
    45 | D        | Killed a destroyer
    46 | D        | Killed a meat berserker
    46 | D        | Noticed a destroyer
    46 | D        | Noticed a meat berserker
    47 | D        | Reached XP level 21. HP: 204/204 MP: 52/52
    48 | D        | Noticed a destroyer
    51 | D        | Reached skill level 10 in Necromancy
    51 | D        | Killed a tyrant
    52 | D        | Reached skill level 10 in Throwing
    52 | D        | Reached skill level 10 in Stealth
    52 | D        | Reached skill level 10 in Conjurations
    52 | D        | Reached skill level 10 in Hexes
    52 | D        | Reached skill level 10 in Summonings
    52 | D        | Reached skill level 10 in Poison Magic
    53 | D        | Reached skill level 10 in Short Blades
    53 | D        | Reached skill level 10 in Long Blades
    53 | D        | Reached skill level 10 in Maces & Flails
    53 | D        | Reached skill level 10 in Polearms
    53 | D        | Reached skill level 10 in Staves
    53 | D        | Reached skill level 10 in Ranged Weapons
    53 | D        | Reached skill level 10 in Unarmed Combat
    53 | D        | Reached skill level 10 in Translocations
    53 | D        | Reached skill level 10 in Transmutations
    53 | D        | Reached skill level 10 in Ice Magic
    53 | D        | Reached skill level 10 in Air Magic
    54 | D        | Reached skill level 10 in Shields
    54 | D        | Reached skill level 10 in Fire Magic
    54 | D        | Reached skill level 10 in Earth Magic
    55 | D        | Killed a destroyer
    57 | D        | Killed a destroyer
    58 | D        | Gained mutation: Your magical and physical power is greatly
                  | enhanced at high health. [demonic ancestry]
    58 | D        | Reached XP level 22. HP: 212/212 MP: 53/53
    64 | D        | Noticed a dread
    66 | D        | Noticed a meat beast
    69 | D        | Killed a meat beast
    70 | D        | Reached skill level 15 in Conjurations
    70 | D        | Reached XP level 23. HP: 208/219 MP: 54/54
    72 | D        | Reached skill level 15 in Hexes
    72 | D        | Reached skill level 15 in Summonings
    72 | D        | Reached skill level 15 in Poison Magic
    72 | D        | Noticed a destroyer
    74 | D        | Noticed a large bag of meat
    74 | D        | Noticed a meat beast
    75 | D        | Reached skill level 15 in Stealth
    75 | D        | Noticed a destroyer
    75 | D        | Noticed a meat beast
    76 | D        | Killed a dread
    76 | D        | Noticed an accursed
    77 | D        | Noticed an accursed
    78 | D        | Reached skill level 15 in Throwing
    78 | D        | Noticed a dread
    79 | D        | Reached skill level 15 in Short Blades
    79 | D        | Reached skill level 15 in Long Blades
    79 | D        | Reached skill level 15 in Maces & Flails
    79 | D        | Reached skill level 15 in Polearms
    79 | D        | Reached skill level 15 in Ranged Weapons
    79 | D        | Reached skill level 15 in Unarmed Combat
    79 | D        | Reached skill level 15 in Translocations
    79 | D        | Reached skill level 15 in Transmutations
    79 | D        | Reached skill level 15 in Ice Magic
    79 | D        | Reached skill level 15 in Air Magic
    79 | D        | Killed a destroyer
    79 | D        | Noticed The Captor
    80 | D        | Reached skill level 15 in Staves
    80 | D        | Reached skill level 15 in Shields
    80 | D        | Reached skill level 15 in Fire Magic
    80 | D        | Reached skill level 15 in Earth Magic
    80 | D        | Noticed an accursed
    80 | D        | Noticed an accursed
    81 | D        | Killed a meat beast
    81 | D        | Noticed a tyrant
    82 | D        | Gained mutation: Spells you cast and wands you use may
                  | paralyse nearby enemies. [demonic ancestry]
    82 | D        | Reached XP level 24. HP: 227/227 MP: 54/54
    83 | D        | Killed a destroyer
    86 | D        | Killed a large bag of meat
    86 | D        | Noticed a meat beast
    89 | D        | Killed a destroyer
    89 | D        | Noticed a destroyer
    90 | D        | Reached XP level 25. HP: 70/234 MP: 54/54
    90 | D        | Killed The Captor
    90 | D        | Killed a meat beast
    91 | D        | Killed a dread
    92 | D        | Reached XP level 26. HP: 87/242 MP: 54/54
    95 | D        | Noticed a destroyer
    95 | D        | Killed an accursed
    95 | D        | Killed an accursed
    95 | D        | Noticed a large bag of meat
    96 | D        | Killed a tyrant
    97 | D        | Gained mutation: You are powered by pain. [demonic
                  | ancestry]
    97 | D        | Reached XP level 27. HP: 70/249 MP: 54/54
    97 | D        | Killed a destroyer
    97 | D        | Noticed a destroyer
    97 | D        | Noticed The Defiler
    97 | D        | HP: 9/249 [something (17)]
    98 | D        | Killed The Defiler
    99 | D        | Killed a destroyer
   101 | D        | Noticed an accursed
   103 | D        | Noticed a tyrant
   103 | D        | Noticed a meat beast
   104 | D        | Killed a destroyer
   105 | D        | Killed an accursed
   105 | D        | Killed a large bag of meat
   105 | D        | Killed a meat beast
   106 | D        | Reached skill level 27 in Necromancy
   106 | D        | Killed a meat beast
   106 | D        | Noticed a dread
   106 | D        | Noticed a tyrant
   106 | D        | Noticed an accursed
   107 | D        | Noticed a meat beast
   108 | D        | HP: 12/249 [??? (9)]
   109 | D        | Killed an accursed
   109 | D        | Noticed a tyrant
   110 | D        | Reached skill level 27 in Conjurations
   110 | D        | Reached skill level 27 in Hexes
   110 | D        | Reached skill level 27 in Poison Magic
   111 | D        | Noticed a dread
   111 | D        | Noticed an accursed
   111 | D        | Killed a large bag of meat
   112 | D        | Killed a meat beast
   113 | D        | Reached skill level 27 in Stealth
   113 | D        | Reached skill level 27 in Summonings
   113 | D        | Killed an accursed
   114 | D        | Noticed a destroyer
   114 | D        | Annihilated by a sculptor of flesh

Illustrated notes

Levels and vault maps discovered:
D:        meatsprint

Skill      XL: |  1  2  3  4  5  6  7  8  9 10 11 12 13 14 15 16 17 18 19 20 21 22 23 24 25 26 27 |
---------------+----------------------------------------------------------------------------------+-----
Fighting       | 10 13 14 15 17 19 22 24 27 | 27.0
Axes           | 9 12 13 14 16 17 20 22 25 27 | 27.0
Armour         | 9 11 13 14 15 17 20 22 25 27 | 27.0
Dodging        | 9 12 13 14 16 18 20 22 25 27 | 27.0
Spellcasting   | 9 11 13 14 15 17 20 22 25 27 | 27.0
Invocations    | 13 16 18 19 21 24 27 | 27.0
Evocations     | 10 12 14 15 17 19 22 24 27 | 27.0
Throwing       | 4 8 11 13 17 18 19 21 26 | 26.2
Short Blades   | 4 8 11 13 17 18 19 21 26 | 26.3
Long Blades    | 4 8 11 13 17 18 19 21 26 | 26.2
Maces & Flails | 4 8 11 13 17 18 19 21 26 | 26.3
Polearms       | 4 8 11 13 17 18 20 21 26 | 26.3
Staves         | 4 8 11 13 16 18 19 21 26 | 26.3
Ranged Weapons | 4 8 11 13 17 18 19 21 26 | 26.2
Stealth        | 4 8 12 14 18 19 21 23 27 | 27.0
Shields        | 3 8 11 13 16 17 19 21 26 | 26.3
Unarmed Combat | 4 8 11 13 17 18 19 21 26 | 26.2
Conjurations   | 4 9 12 15 18 19 21 23 27 | 27.0
Hexes          | 4 9 12 14 18 19 21 23 27 | 27.0
Summonings     | 4 8 12 14 18 19 21 23 27 | 27.0
Necromancy     | 4 9 13 16 19 21 23 24 27 | 27.0
Translocations | 4 8 11 13 17 18 20 21 26 | 26.4
Transmutations | 4 8 11 13 17 18 19 21 26 | 26.2
Fire Magic     | 3 7 11 13 16 18 19 21 26 | 26.1
Ice Magic      | 3 8 11 13 17 18 20 21 26 | 26.3
Air Magic      | 3 8 11 13 16 18 19 21 26 | 26.3
Earth Magic    | 3 7 11 13 16 18 19 21 26 | 26.3
Poison Magic   | 4 9 12 14 18 19 21 23 27 | 27.0

Action                     |  1- 3 |  4- 6 |  7- 9 | 10-12 | 13-15 | 16-18 | 19-21 | 22-24 | 25-27 || total
---------------------------+-------+-------+-------+-------+-------+-------+-------+-------+-------++-------
  Melee: Executioner's axe |     1 |       |       |     2 |     4 |    10 |    13 |    19 |    19 ||    68
 Invoke: Greater Servant o |       |       |       |       |       |       |       |     5 |     1 ||     6
         Major Destruction |       |       |       |       |       |       |       |       |     1 ||     1
   Stab: Distracted        |       |       |       |       |       |       |       |     2 |       ||     2
 Armour: Leather armour    |       |       |       |       |       |       |       |     1 |     3 ||     4
  Dodge: Dodged            |       |       |       |       |     1 |       |       |     3 |     3 ||     7
